Map: Dusk Towers

Players

Serral - Winner!

  • Race: Zerg Zerg
  • League: Grandmaster

FireCake

  • Race: Zerg Zerg
  • League: Master

Event: DreamHack ZOWIE Open Leipzig

VOD

https://youtu.be/64fNIhVd01M

Description

Time

  • Played on: Jan. 22, 2016, 11:23 a.m.
  • Length: 26:35

All games in this series

Show
View Real Time Build Order
Export as new Build Order

Serral Zerg - Winner!

Build Orders: Hatch First, Lurkers 

Get SALT Encoding   

  12  0:00  Drone  
  13  0:12  Overlord  
  13  0:18  Drone  
  14  0:31  Drone x2  
  16  0:35  Drone  
  17  0:46  Drone  
  18  0:55  Hatchery  
  17  0:58  Drone  
  17  1:01  Extractor  
  17  1:12  Spawning Pool  
  17  1:15  Drone  
  17  1:19  Drone  
  18  1:29  Drone  
  19  1:38  Overlord  
  19  1:58  Queen  
  19  1:59  Zergling x2  
  19  2:00  Zergling x2  
  23  2:02  Metabolic Boost  
  23  2:06  Queen  
  23  2:07  Drone  
  26  2:11  Drone  
  27  2:18  Drone  
  29  2:22  Drone  
  29  2:23  Baneling Nest  
  29  2:29  Drone  
  29  2:34  Drone  
  30  2:39  Drone  
  31  2:48  Overlord  
  31  2:50  Drone  
  32  2:55  Drone  
  33  3:02  Zergling x2  
  33  3:04  Hatchery  
  33  3:05  Drone  
  34  3:06  Drone  
  34  3:08  Drone  
  34  3:10  Drone  
  37  3:15  Overlord  
  37  3:18  Drone x2  
  39  3:20  Drone  
  39  3:22  Drone  
  39  3:26  Evolution Chamber  
  40  3:28  Drone  
  40  3:34  Drone  
  40  3:37  Drone  
  40  3:40  Baneling x2  
  41  3:43  Zergling x8  
  45  3:48  Zergling x4  
  45  3:50  Drone  
  45  3:51  Zerg Missile Weapons Level 1  
  48  3:56  Overlord  
  48  3:57  Extractor  
  48  4:00  Drone  
  48  4:05  Drone x2  
  49  4:10  Extractor  
  49  4:12  Drone x2  
  49  4:14  Overlord  
  49  4:15  Lair  
  49  4:16  Drone x2  
  52  4:20  Queen  
  55  4:24  Drone x2  
  55  4:25  Drone  
  56  4:32  Drone x2  
  56  4:37  Drone x2  
  55  4:41  Drone  
  55  4:42  Zergling x2  
  55  4:44  Zergling x4  
  55  4:45  Zergling x2  
  60  4:46  Zergling x2  
  60  4:49  Overlord  
  61  4:53  Overlord, Zergling x2  
  61  4:54  Zergling x4  
  64  5:01  Baneling  
  64  5:11  Drone x2  
  64  5:12  Drone  
  64  5:14  Drone, Overseer, Overlord  
  67  5:15  Drone x2  
  67  5:19  Overlord  
  69  5:22  Roach Warren, Drone x4  
  69  5:23  Drone x2  
  69  5:24  Extractor x2  
  69  5:25  Pneumatized Carapace  
  72  5:31  Overlord  
  72  5:39  Drone x3  
  72  5:40  Drone  
  76  5:53  Zerg Missile Weapons Level 2  
  76  5:54  Hatchery  
  76  5:55  Drone  
  74  5:57  Overlord  
  74  6:02  Glial Reconstitution  
  74  6:03  Roach x3  
  74  6:04  Roach x5  
  94  6:18  Roach x3  
  94  6:19  Roach x3  
  94  6:25  Overlord  
  101  6:28  Overlord  
  101  6:29  Ravager x4  
  105  6:36  Drone x3, Extractor  
  105  6:37  Overlord x2  
  105  6:38  Roach x4  
  115  6:41  Overlord  
  115  6:51  Overlord  
  115  6:52  Overlord  
  115  6:53  Roach x2  
  119  6:57  Roach x3  
  119  6:58  Roach x3  
  119  6:59  Ravager x2  
  133  7:05  Roach x4  
  133  7:08  Queen  
  143  7:13  Roach x2  
  143  7:14  Roach  
  149  7:17  Ravager  
  149  7:18  Ravager  
  149  7:20  Roach  
  149  7:21  Roach x2  
  154  7:32  Roach x5  
  154  7:33  Roach  
  166  7:37  Ravager  
  166  7:42  Roach x4  
  174  7:53  Roach x4  
  174  7:55  Overlord  
  174  7:57  Overlord  
  182  8:11  Zerg Ground Armor Level 1  
  182  8:12  Roach  
  180  8:13  Roach x5  
  190  8:22  Overlord  
  187  8:49  Roach  
  187  8:50  Roach x10  
  178  8:59  Roach  
  178  9:00  Roach x11  
  180  9:07  Burrow  
  170  9:17  Ravager x2  
  170  9:18  Ravager  
  170  9:19  Roach x6  
  170  9:20  Roach  
  170  9:21  Ravager x2  
  170  9:24  Extractor  
  188  9:31  Overlord x2  
  188  9:32  Roach  
  188  9:33  Roach x4  
  188  9:35  Ravager  
  199  9:51  Hydralisk Den  
  198  10:13  Drone  
  198  10:14  Extractor  
  198  10:15  Drone  
  198  10:21  Zerg Ground Armor Level 2  
  199  10:22  Lurker Den  
  143  10:36  Roach  
  143  10:37  Roach x15  
  143  10:42  Roach x3  
  161  10:43  Hydralisk  
  161  10:45  Hydralisk x4  
  161  10:48  Roach x7  
  173  10:50  Roach x5  
  173  10:56  Drone  
  173  10:57  Drone x2  
  182  10:59  Roach x2  
  182  11:00  Roach x6  
  198  11:11  Overlord  
  198  11:18  Roach x3  
  197  11:46  Infestation Pit  
  196  11:50  Lurker x2  
  196  11:51  Lurker  
  199  12:06  Spine Crawler x2  
  197  12:12  Lurker x2  
  197  12:15  Tunneling Claws  
  199  12:20  Roach x37  
  198  12:28  Hive  
  190  12:46  Ravager  
  190  12:48  Roach x3  
  190  12:49  Roach  
  199  13:03  Hydralisk x2  
  199  13:05  Roach x26  
  188  13:14  Roach  
  188  13:15  Roach x5  
  190  13:29  Lurker x2  
  190  13:32  Hatchery  
  191  13:38  Roach x5  
  161  13:51  Overseer  
  161  13:54  Hydralisk x4  
  167  13:56  Roach  
  167  13:57  Roach x4  
  167  14:01  Viper x4  
  186  14:10  Ravager x3  
  186  14:11  Ravager x3  
  186  14:15  Overlord  
  192  14:29  Overseer x2  
  192  14:30  Spire  
  191  14:32  Roach x3  
  191  14:36  Roach x6  
  191  14:37  Ravager, Roach x4  
  191  14:38  Ravager  
  199  14:42  Overseer  
  189  15:10  Hydralisk x2  
  189  15:11  Roach x21  
  189  15:12  Lurker x3  
  192  15:29  Nydus Network  
  192  15:31  Overlord  
  191  15:37  Lurker  
  192  15:48  Greater Spire  
  192  15:54  Spine Crawler  
  192  15:55  Spine Crawler x2  
  192  15:56  Drone x2, Lurker, Spine Crawler  
  192  15:57  Drone x2  
  192  16:03  Zerg Missile Weapons Level 3  
  193  16:05  Queen  
  193  16:06  Extractor  
  193  16:07  Extractor  
  193  16:09  Nydus Canal  
  193  16:10  Drone x6  
  199  16:14  Overlord  
  199  16:29  Nydus Canal  
  189  16:51  Hydralisk x4  
  189  16:52  Hydralisk x4  
  189  17:19  Lurker x3  
  192  17:31  Nydus Canal  
  186  17:57  Overseer  
  186  18:05  Zerg Flyer Weapons Level 1  
  186  18:07  Spire  
  185  18:14  Viper x4  
  197  18:21  Overseer x2  
  197  18:25  Hatchery  
  196  18:33  Drone  
  197  18:36  Roach x7  
  197  18:37  Queen  
  197  18:40  Zerg Ground Armor Level 3  
  197  18:45  Drone x10  
  197  18:46  Hatchery, Drone x8  
  191  19:19  Hatchery  
  191  19:21  Roach x3  
  189  19:37  Overseer  
  177  19:52  Drone x3  
  179  20:02  Ultralisk Cavern  
  172  20:14  Ultralisk Cavern  
  172  20:18  Zerg Flyer Weapons Level 2  
  171  20:22  Zerg Flyer Armor Level 1  
  171  20:30  Roach x9  
  171  20:31  Roach x5  
  187  20:51  Chitinous Plating  
  185  21:01  Drone x3, Extractor x2  
  185  21:02  Drone x3  
  189  21:16  Roach x4  
  189  21:17  Roach, Zerg Melee Weapons Level 1  
  189  21:42  Roach x9  
  173  22:05  Nydus Canal  
  173  22:07  Viper  
  173  22:08  Viper x2  
  182  22:17  Zerg Flyer Armor Level 2  
  182  22:22  Baneling Nest, Spine Crawler  
  182  22:23  Spine Crawler  
  182  22:25  Spine Crawler  
  182  22:29  Hatchery  
  166  22:32  Lurker x2  
  166  22:33  Lurker  
  166  22:36  Ultralisk x5  
  185  23:03  Ultralisk x2, Roach x2  
  193  23:33  Roach x5  
  193  23:35  Roach x10  
  193  23:37  Extractor  
  193  23:39  Extractor  
  191  23:43  Overlord  
  191  23:45  Spine Crawler, Zerg Melee Weapons Level 2  
  190  23:56  Ultralisk, Zergling x6  
  190  23:59  Roach x5  
  190  24:00  Overlord  
  197  24:22  Overlord, Roach x2  
  197  24:23  Roach x2  
  150  24:54  Overlord  
  150  24:56  Overlord x2  
  150  24:57  Overlord x3  
  150  24:58  Overseer x2  
  117  25:14  Ultralisk x3  
  117  25:15  Ultralisk x3  
  117  25:16  Overlord x2  
  147  25:26  Zergling x18  
  147  25:27  Zergling x14  
  163  25:29  Zergling x10  
  163  25:30  Zergling x2  
  163  25:31  Drone x3  
  168  25:42  Overseer x2  
  168  25:44  Overseer  
  168  25:48  Ultralisk x2  
  180  25:53  Hatchery  
  179  26:00  Overseer x2  
  175  26:08  Zergling x8  
  175  26:09  Zergling x38  
Show
View Real Time Build Order
Export as new Build Order

FireCake Zerg 

Build Orders: Hatch First, Lurkers 

Get SALT Encoding   

  12  0:00  Drone  
  13  0:08  Drone  
  14  0:17  Overlord  
  14  0:22  Extractor  
  14  0:23  Drone  
  15  0:35  Drone x2  
  17  0:52  Hatchery  
  17  0:54  Drone  
  17  0:58  Drone  
  18  1:08  Extractor  
  17  1:12  Spawning Pool  
  17  1:15  Drone  
  17  1:18  Drone  
  18  1:27  Drone  
  19  1:37  Overlord  
  19  1:48  Drone  
  20  1:58  Drone  
  20  1:59  Queen  
  23  2:04  Drone, Queen  
  26  2:09  Metabolic Boost, Drone  
  27  2:22  Drone  
  28  2:28  Hatchery  
  27  2:31  Zergling x2  
  27  2:33  Zergling x2  
  29  2:39  Baneling Nest  
  29  2:42  Drone  
  29  2:46  Drone x2  
  31  2:57  Overlord  
  31  3:02  Queen  
  33  3:08  Drone x3  
  36  3:17  Zergling x6  
  39  3:20  Drone  
  39  3:21  Drone x2  
  39  3:22  Drone  
  43  3:35  Drone  
  44  3:44  Drone  
  44  3:45  Drone x5  
  50  3:50  Overlord x2  
  50  3:54  Evolution Chamber  
  49  3:56  Roach Warren  
  48  4:07  Drone x2  
  48  4:08  Drone  
  49  4:12  Extractor x2  
  49  4:16  Zergling x2  
  49  4:17  Zergling x2  
  49  4:19  Zergling x6  
  49  4:21  Drone x6  
  49  4:22  Zerg Missile Weapons Level 1  
  58  4:47  Drone x9  
  58  4:48  Lair  
  58  4:50  Overlord  
  58  4:51  Overlord x2  
  65  5:03  Overlord  
  63  5:16  Roach x4  
  63  5:17  Roach x4  
  63  5:20  Drone  
  81  5:21  Drone x3, Extractor  
  81  5:22  Drone x2  
  81  5:23  Drone  
  81  5:24  Drone  
  81  5:25  Drone  
  86  5:37  Drone x3  
  89  5:46  Overseer, Glial Reconstitution  
  89  5:54  Extractor x2  
  89  5:55  Drone x3  
  89  5:56  Drone x3  
  92  5:58  Roach x2  
  92  6:01  Overlord  
  92  6:02  Overlord  
  92  6:03  Overlord x2  
  96  6:06  Hatchery  
  96  6:10  Overlord x2  
  96  6:11  Overlord  
  95  6:12  Pneumatized Carapace  
  95  6:17  Zerg Missile Weapons Level 2  
  95  6:21  Drone  
  95  6:22  Evolution Chamber  
  94  6:27  Roach x9  
  94  6:28  Roach  
  114  6:41  Roach x5  
  124  6:51  Overlord, Queen  
  124  6:53  Zerg Ground Armor Level 1  
  126  7:00  Roach x3  
  132  7:03  Roach x9  
  132  7:07  Overlord  
  150  7:22  Roach x5  
  160  7:29  Queen  
  162  7:33  Roach x7  
  162  7:36  Overlord x2  
  174  7:37  Overlord  
  174  7:38  Overlord  
  173  8:05  Roach x13  
  198  8:09  Ravager x6  
  198  8:40  Roach  
  194  8:54  Roach x13  
  177  9:00  Roach x11  
  156  9:13  Drone  
  156  9:14  Drone x3, Queen  
  156  9:15  Queen  
  156  9:16  Queen  
  161  9:27  Zerg Ground Armor Level 2  
  161  9:28  Hydralisk Den, Infestation Pit  
  159  9:33  Spine Crawler, Extractor x2  
  159  9:35  Spine Crawler  
  159  9:36  Spine Crawler  
  154  9:39  Roach x5  
  154  9:42  Roach x2  
  169  9:45  Spine Crawler  
  169  9:46  Roach x2  
  169  9:48  Ravager  
  169  9:49  Ravager x3  
  169  9:50  Ravager  
  166  10:07  Roach x6  
  166  10:12  Drone x3  
  166  10:13  Drone  
  158  10:29  Roach x5  
  142  10:38  Roach x4  
  142  10:47  Drone x4  
  146  10:56  Ravager  
  146  10:57  Ravager x9  
  151  11:29  Roach x11  
  173  11:36  Drone x3  
  173  11:56  Lurker Den  
  173  11:57  Hatchery  
  169  12:02  Drone x3  
  169  12:03  Spine Crawler  
  167  12:27  Drone x3  
  168  12:32  Roach x8  
  179  12:45  Hydralisk x3  
  179  12:46  Hydralisk  
  181  13:08  Hydralisk x6  
  183  13:17  Overseer  
  177  13:27  Burrow  
  177  13:29  Lurker x4  
  155  13:53  Hydralisk x10  
  173  14:03  Lurker x3  
  176  14:24  Hydralisk x8  
  190  14:52  Hydralisk x4  
  190  14:54  Overlord  
  195  15:07  Hive  
  189  15:20  Roach x5  
  199  15:46  Extractor  
  199  15:47  Extractor  
  199  15:48  Hatchery  
  194  16:05  Overseer  
  194  16:14  Spine Crawler  
  193  16:20  Viper x2  
  200  16:39  Nydus Network  
  197  17:09  Lurker x3  
  198  17:21  Tunneling Claws  
  194  17:23  Zerg Ground Armor Level 3, Zerg Missile Weapons Level 3  
  192  17:37  Overlord x3  
  192  17:38  Overlord  
  192  17:39  Lair  
  188  18:01  Hatchery  
  187  18:24  Roach x2  
  187  18:25  Roach x4  
  199  18:38  Roach x3  
  199  18:40  Hive  
  199  18:43  Hydralisk Den, Infestation Pit  
  197  19:09  Nydus Canal, Roach x2  
  186  19:10  Roach x2  
  184  19:20  Lurker Den  
  181  19:29  Nydus Canal  
  181  19:36  Overseer  
  181  19:37  Overseer  
  181  19:42  Hatchery  
  180  19:52  Nydus Canal  
  178  19:58  Drone x3  
  176  20:04  Viper x8  
  197  20:26  Hatchery  
  185  21:03  Hydralisk x7  
  199  21:15  Muscular Augments  
  191  22:01  Hydralisk x6  
  200  22:08  Spawning Pool  
  199  22:31  Drone  
  200  22:48  Overseer x2  
  198  22:56  Queen  
  198  22:57  Queen  
  196  23:15  Nydus Canal  
  196  23:18  Drone, Extractor  
  196  23:19  Drone x5, Extractor  
  200  23:26  Hatchery  
  199  23:37  Nydus Canal  
  199  23:46  Nydus Network  
  195  24:00  Hydralisk x5  
  194  24:25  Lurker x6  
  194  24:26  Lurker  
  194  24:31  Overseer  
  193  24:50  Hydralisk x4  
  193  24:51  Hydralisk x3  
  126  25:16  Nydus Canal  
  118  26:00  Drone x3  

Tags
 
Add a new tag
Caveats
  • Supply blocks, unpowered buildings, or Contaminate may cause inaccurate times.
  • Supply counts are checked every 10 seconds.